 Dungeon Crawl Stone Soup version 0.23.2-40-g277498a (webtiles) character file.

Game seed: 4346408343269584495

189 CrazyJ the Caller (level 5, -7/38 HPs)
             Began as a Merfolk Summoner on Sept 15, 2019.
             Killed from afar by an orc wizard (8 damage)
             ... with a magic dart
             ... on level 3 of the Dungeon.
             The game lasted 00:21:39 (3410 turns).

CrazyJ the Caller (Merfolk Summoner)                Turns: 3410, Time: 00:21:40

Health: -7/38      AC:  2    Str:  8    XL:     5   Next: 68%
Magic:  4/9        EV: 14    Int: 15    God:
Gold:   192        SH:  0    Dex: 15    Spells: 0/9 levels left

rFire    . . .     SeeInvis .   u - +1 halberd (freeze)
rCold    . . .     Gourm    .   (shield currently unavailable)
rNeg     . . .     Faith    .   a - +0 robe
rPois    .         Spirit   .   (no helmet)
rElec    .         Reflect  .   (no cloak)
rCorr    .         Harm     .   (no gloves)
MR       .....                  (no boots)
Stlth    ++........             (no amulet)
HPRegen  0.12/turn              (no ring)
MPRegen  0.11/turn              (no ring)

@: no status effects
A: change form in water, swift swim, stealthy swim
a: no special abilities


You were on level 3 of the Dungeon.
You were not hungry.

You visited 1 branch of the dungeon, and saw 3 of its levels.

You collected 192 gold pieces.

Inventory:

Hand Weapons
 d - a +0 spear
 e - a +0 hunting sling
 u - a +1 halberd of freezing (weapon)
Missiles
 h - 33 stones (quivered)
 n - 35 arrows
 q - 19 sling bullets
 v - 14 poisoned needles
Armour
 a - a +0 robe (worn)
 l - a +0 scale mail
 o - a +0 leather armour
Jewellery
 p - an uncursed ring of see invisible {unknown}
Wands
 x - a wand of flame (17)
Scrolls
 b - 4 scrolls of teleportation {unknown}
 j - 2 scrolls of immolation {unknown}
 r - a scroll of random uselessness {unknown}
 w - a scroll of remove curse {unknown}
Potions
 f - a potion of degeneration {unknown}
 g - a potion of resistance {unknown}
 i - a potion of ambrosia {unknown}
 k - a potion of magic {unknown}
 m - a potion of mutation {unknown}
 s - a potion of curing {unknown}
 z - a potion of cancellation
Comestibles
 c - 6 rations
 t - 4 chunks of flesh


   Skills:
 + Level 1.6 Fighting
 + Level 2.6 Polearms
 + Level 1.2 Armour
 + Level 3.6 Dodging
 - Level 2.1 Stealth
 + Level 2.6 Spellcasting
 + Level 0.5 Hexes
 * Level 4.8 Summonings


You couldn't memorise any spells.
You knew the following spells:

 Your Spells              Type           Power        Failure   Level  Hunger
a - Summon Small Mammal   Summ           ###.         2%          1    #......
b - Call Imp              Summ           ###.....     4%          2    ##.....
c - Call Canine Familiar  Summ           ###.....     9%          3    ###....
d - Summon Guardian Gole  Hex/Summ       ##......     21%         3    ###....

Your spell library contained the following spells:

 Spells                   Type           Power        Failure   Level  Hunger
 Summon Ice Beast         Ice/Summ       #.......     58%         4    #####..
 Summon Lightning Spire   Summ/Air       #.......     58%         4    #####..


Dungeon Overview and Level Annotations

Branches:
Dungeon (3/15)

Altars:
Fedhas
Gozag
Nemelex Xobeh


Message History

The orc wizard points at you and mumbles some strange words.
The magic dart hits you.
* * * LOW HITPOINT WARNING * * *
Your hound bites the orc priest.
The orc priest misses your hound.
Evoke which item? (* to show all) (? for menu, Esc to quit)
Attack whom?
Press: ? - help, Dir - move target cursor, f - orc wizard
Aim: an orc wizard, wielding a +0 dagger and wearing a +0 robe (lightly wounded, fast)
Okay, then.
It was a potion of cancellation.
Your magical effects are unravelling.
You feel magically purged.
You feel yourself speed up.
The orc wizard points at you and mumbles some strange words.
The magic dart hits you.
* * * LOW HITPOINT WARNING * * *
Your hound barely misses the orc priest.
The orc wizard gestures at you while chanting.
The magic dart hits you!
You die...

# #.#######.#.#[. ####
####.#)......#.#.. .).#
###........<####.... .#.# #.
....##.#.##.######..
.#.#######.######.>...........#..
...........#..........##.####.#..
##.######..#.####o#...##.# #.###
##.# #....wooh5#......# #.# ##.#
#....###@.#..##..# #.# ##.#
#....# #..#..##..# #.# ##.#
#....# #.....##..####.# ...#
#....###..>...........###
#########.#.<(...................
#.....#.(####..#####.#########
####.####)#.# #........#
............# #..#####.#
.....##.###.# #..# #.#


You could see an orc priest, an orc wizard, a dart slug, an orc, a friendly
hound and a friendly white imp.

Vanquished Creatures
  An orc priest (D:3)
  Natasha (D:3)
  An adder (D:2)
  A worm (D:2)
  2 orcs (D:3)
  A giant cockroach (D:1)
  3 hobgoblins (D:3)
  A quokka (D:3)
  6 bats
  2 frilled lizards
  8 goblins
  4 kobolds
  10 rats
41 creatures vanquished.

Vanquished Creatures (collateral kills)
  A crimson imp (D:2)
  Natasha (D:3)
  Robin (D:3)
  7 gnolls (D:3)
  An adder (D:3)
  2 giant cockroaches
  6 goblins
  5 hobgoblins
  2 kobolds
26 creatures vanquished.

Grand Total: 67 creatures vanquished

Notes
Turn   | Place    | Note
-------+----------+-------------------------------------------
     0 | D:1      | CrazyJ the Merfolk Summoner began the quest for the Orb.
     0 | D:1      | Reached XP level 1. HP: 13/13 MP: 3/3
   488 | D:1      | Reached XP level 2. HP: 11/19 MP: 5/5
   738 | D:1      | You fall through a shaft!
   744 | D:2      | Learned a level 2 spell: Call Imp
   748 | D:2      | Found a blossoming altar of Fedhas.
  1028 | D:2      | HP: 1/20 [hobgoblin/+0 club (2)]
  1415 | D:2      | Found an opulent altar of Gozag.
  1584 | D:2      | Reached skill level 1 in Polearms
  1584 | D:2      | Reached XP level 3. HP: 12/25 MP: 6/6
  1887 | D:2      | Reached skill level 1 in Fighting
  1910 | D:2      | Learned a level 3 spell: Call Canine Familiar
  2038 | D:1      | Reached XP level 4. HP: 32/32 MP: 7/7
  2532 | D:3      | Noticed Robin
  2558 | D:3      | Killed Robin
  2605 | D:3      | Reached skill level 1 in Armour
  2810 | D:3      | Found a sparkling altar of Nemelex Xobeh.
  2816 | D:3      | Reached XP level 5. HP: 37/37 MP: 4/8
  2849 | D:3      | Learned a level 3 spell: Summon Guardian Golem
  2884 | D:3      | Noticed Natasha
  2925 | D:3      | Killed Natasha
  3167 | D:3      | Noticed Natasha
  3178 | D:3      | Killed Natasha
  3410 | D:3      | HP: 1/38 [orc wizard/magic dart (6)]
  3410 | D:3      | Killed from afar by an orc wizard

Skill      XL: |  1  2  3  4 |
---------------+-------------+-----
Polearms       | 1 2 |  2.6
Dodging        | 3 |  3.6
Fighting       | 1 |  1.6
Armour         | 1 |  1.2
Stealth        | |  2.1
Spellcasting   | |  2.6
Hexes          | |  0.5
Summonings     | |  4.8

Action                   |  1- 3 |  4- 6 || total
-------------------------+-------+-------++-------
Melee: Spear             |    98 |    31 ||   129
       Halberd           |       |    31 ||    31
 Cast: Summon Small Mamm |     9 |       ||     9
       Call Imp          |     7 |     4 ||    11
       Call Canine Famil |       |    10 ||    10
  Use: Potion            |       |     1 ||     1
 Stab: Sleeping          |     2 |     2 ||     4
  Eat: Chunk             |     4 |     6 ||    10
Armor: Robe              |    23 |    11 ||    34
Dodge: Dodged            |    84 |    42 ||   126
